 Dungeon Crawl Stone Soup version 0.28-a0-804-g60983d4ba9 (webtiles) character file.

Game seed: 1243408424560173157

8 iamoutofideas the Firebug (level 2, 19/19 HPs)
             Began as a Demonspawn Fire Elementalist on Nov 7, 2021.
             Quit the game on level 1 of the Dungeon.
             The game lasted 00:00:25 (396 turns).

iamoutofideas the Firebug (DsFE)                     Turns: 396, Time: 00:00:25

Health: 19/19      AC:  2    Str:  8    XL:     2   Next: 0%
Magic:  5/5        EV: 12    Int: 16    God:
Gold:   0          SH:  0    Dex: 13    Spells: 4/5 levels left

rFire   . . .      SeeInvis .   (no weapon)
rCold   . . .      Faith    .   (no shield)
rNeg    . . .      Spirit   .   a - +0 robe
rPois   .          Reflect  .   (no helmet)
rElec   .          Harm     .   (no cloak)
rCorr   .          Rampage  .   (no gloves)
Will    .....                   (no boots)
Stlth   ++........              (no amulet)
HPRegen 0.06/turn               (no ring)
MPRegen 0.18/turn               (no ring)

@: no status effects
A: magic regeneration
a: no special abilities


You were on level 1 of the Dungeon.
You visited 1 branch of the dungeon, and saw 1 of its levels.

Inventory:

Armour
 a - a +0 robe (worn)
Scrolls
 b - 2 scrolls of identify {unknown}


   Skills:
 + Level 1.9 Dodging
 - Level 1.7 Stealth
 + Level 2.2 Spellcasting
 + Level 1.0 Conjurations
 + Level 2.9 Fire Magic


You had 4 spell levels left.
You knew the following spells:

 Your Spells              Type           Power      Damage    Failure   Level
a - Foxfire               Conj/Fire      32%        2x1d5     9%          1

Your spell library contained the following spells:

 Spells                   Type           Power      Damage    Failure   Level
 Scorch                   Fire           22%        2d6       9%          2
 Conjure Flame            Conj/Fire      8%         6-21      26%         3
 Inner Flame              Hex/Fire       6%         N/A       32%         3
 Flame Wave               Conj/Fire      8%         3d4       65%         4


Dungeon Overview and Level Annotations

Branches:
Dungeon (1/15)

Altars:


Innate Abilities, Weirdness & Mutations

You regenerate magic rapidly.


Message History

Confirm with . or Enter, or press ? or * to list all spells.
You don't have enough magic to cast this spell.
Your magical contamination has completely faded away.
A rat comes into view.
The ball python bites you. The ball python closely misses you. x2
The ball python grabs you. The ball python constricts you.
You hit the ball python.
The ball python is heavily wounded.
The ball python closely misses you. The ball python constricts you.
You closely miss the ball python.
The ball python is heavily wounded.
The ball python closely misses you. The ball python constricts you.
You barely miss the ball python.
The ball python is heavily wounded.
The ball python bites you. The ball python constricts you.
You hit the ball python.
You kill the ball python!
Casting: Foxfire (safe; 9% risk of failure)
Confirm with . or Enter, or press ? or * to list all spells.
You conjure some foxfire!
The foxfire hits the rat but does no damage.
The foxfire hits the rat.
The rat is severely wounded.
Casting: Foxfire (safe; 9% risk of failure)
Confirm with . or Enter, or press ? or * to list all spells.
You don't have enough magic to cast this spell.
The rat misses you.
You closely miss the rat.
The rat is severely wounded.
The rat misses you.
You hit the rat.
You kill the rat!
You have reached level 2!
Your demonic ancestry asserts itself...
Your magic begins to regenerate rapidly.
You start resting.
Magic restored.
You start resting.
HP restored.
Are you sure you want to abandon this character and quit the game? (Confirm with "yes".)

#..............#
##.....###).....# .....
.........#......# .....
...###...#[.....###.....
[..# #...#.).)..#.......
#### #...##.....#.......
###########.....#.......
...... #.............
...... #....#@.......
...... #....#†.##....
...... ###...#.# ..
...... ....#.. ..†...
......... ......
....#..$... ######
............. ... ..
.....#


There were no monsters in sight!

Vanquished Creatures
  A goblin (D:1)
  3 kobolds (D:1)
  2 ball pythons (D:1)
  2 rats (D:1)
8 creatures vanquished.

Vanquished Creatures (others)
  21 foxfires (D:1)
21 creatures vanquished.

Grand Total: 29 creatures vanquished

Notes
Turn   | Place    | Note
-------+----------+-------------------------------------------
     0 | D:1      | iamoutofideas the Demonspawn Fire Elementalist began the
                  | quest for the Orb.
     0 | D:1      | Reached XP level 1. HP: 13/13 MP: 3/3
   272 | D:1      | Gained mutation: You regenerate magic rapidly. [demonic
                  | ancestry]
   272 | D:1      | Reached XP level 2. HP: 11/19 MP: 0/5
   396 | D:1      | Quit the game

Illustrated notes

Levels and vault maps discovered:
D:1:      ncdulo_watergridlock, layout_basic, serial_shops, shop_fountains,
          minmay_misc_feat_room

Action                   || total
-------------------------++-------
Melee: Unarmed           ||     6
 Cast: Foxfire           ||    11
Dodge: Dodged            ||     6

Table legend: (Time is in decaauts)
 A = Elapsed time spent in this place.
 B = Non-inter-level travel time spent in this place.
 C = Inter-level travel time spent in this place.
 D = Time resting spent in this place.
 E = Time spent auto-exploring this place.
 F = Levels seen in this place.
 G = Mean time per level.
                   A        B        C        D        E       F      G
               +--------+--------+--------+--------+--------+-----+--------+
         Total |    396 |    396 |      0 |    252 |     96 |   1 |  396.0 |
       Dungeon |    396 |    396 |      0 |    252 |     96 |   1 |  396.0 |
               +--------+--------+--------+--------+--------+-----+--------+

Top non-repeatable levels by time:
     D:1: 396 daAuts
